General information
- name: 1v1 Obs from 0bs w/ <3
- type: Custom game
- host: ElectricCoolAid
- saver: Mata.
map: EchoIsles
- players: 12
- length: 10:23
- speed: Fast
- version: 1.23 W3XP
- replay type:

» download(48 KB)
Players
team 1 (loser)

»
TIMG4strok (
gray | 135 APM | 1398 actions | 10:22)
1 Demon Hunter
1 Mana Burn
» actions
| Assign group hotkey | 21 | |
| Basic commands | 19 | |
| Build / train | 31 | |
| ESC pressed | 2 | |
| Enter build submenu | 14 | |
| Enter hero's abilities submenu | 1 | |
| Right click | 958 | |
| Select / deselect | 169 | |
| Select group hotkey | 147 | |
| Use ability | 36 | |
1398 total
» units
| Wisp | 13 | |
| Huntress | 10 | |
| Druid of the Talon | 3 | |
| Archer | 2 | |
28 total
» buildings
| Altar of Elders | 2 | |
| Moon Well | 6 | |
| Ancient of War | 3 | |
| Tree of Ages | 1 | |
| Hunter's Hall | 1 | |
| Ancient of Wind | 1 | |
14 total
» build order
00:05 Altar of Elders
00:18 Moon Well
00:44 Ancient of War
02:56 Tree of Ages
03:04 Hunter's Hall
03:19 Ancient of War
03:35 Ancient of War
03:50 Moon Well
04:33 Moon Well
05:08 Moon Well
05:29 Moon Well
05:56 Moon Well
06:10 Altar of Elders
07:18 Ancient of Wind
team 2 (winner)

»
Mata. (
green | 175 APM | 1821 actions | 10:23)
3 Blademaster
2 Wind Walk
1 Critical Strike
1 Shadow Hunter
1 Hex
» actions
| Assign group hotkey | 109 | |
| Build / train | 39 | |
| Enter build submenu | 30 | |
| Enter hero's abilities submenu | 4 | |
| Remove unit from queue | 4 | |
| Right click | 1018 | |
| Select / deselect | 460 | |
| Select group hotkey | 90 | |
| Use ability | 67 | |
1821 total
» units
» upgrades
» buildings
| Altar of Storms | 1 | |
| Orc Burrow | 6 | |
| Barracks | 1 | |
| Stronghold | 2 | |
| Voodoo Lounge | 1 | |
| War Mill | 1 | |
| Watch Tower | 12 | |
| Beastiary | 1 | |
25 total
» build order
00:05 Altar of Storms
00:21 Orc Burrow
00:36 Barracks
01:28 Orc Burrow
02:55 Stronghold
03:19 Voodoo Lounge
03:39 War Mill
04:34 Orc Burrow
04:51 Orc Burrow
04:52 Watch Tower
04:55 Watch Tower
04:59 Watch Tower
05:25 Watch Tower
06:06 Watch Tower
06:08 Watch Tower
06:20 Beastiary
06:34 Watch Tower
07:31 Orc Burrow
07:56 Watch Tower
07:57 Watch Tower
08:35 Watch Tower
08:48 Watch Tower
08:55 Orc Burrow
09:56 Watch Tower
» items
| Healing Salve | 2 | |
| Lesser Clarity Potion | 1 | |
3 total
observersElectricCoolAid,
Ieatpie,
BRuT3,
Timbermaw,
jkrowlingsucks,
propshOw-,
RagingInferno,
CaNis_,
HyLove,
ANGRY_GREEK_MAN Chat log
(00:11 / All) Mata.: Gl hf
(00:14 / All) TIMG4strok: gl hf
(00:15 / All) Mata.: yeahhhh
(00:20 / All) Mata.: working on it
(00:47 / All) Mata.: word?
(00:51 / All) TIMG4strok: word
(00:57 / All) Mata.: are you gonna hit my altar with that
(00:58 / All) Mata.: or what
(01:03 / All) TIMG4strok: idk
(01:22 / All) TIMG4strok: god damn
(02:52 / All) TIMG4strok: yo this game is gay
(02:54 / All) TIMG4strok: did you know that
(02:59 / All) Mata.: blind aow rush is a hard sell
(03:06 / All) Mata.: i respect it tho
(10:04 / All) Mata.: man im so bad at orc
(10:10 / All) TIMG4strok: D
(10:20 / All) TIMG4strok: i would have won but that lag disrupted my micro